 Dungeon Crawl Stone Soup version 0.19.3-1-g3169bf9 (webtiles) character file.

142 uglyjohn the Cudgeler (level 5, -3/32 HPs)
             Began as a Gargoyle Chaos Knight on Jan 19, 2017.
             Slain by Sigmund
             ... wielding a +0 scythe
              (6 damage)
             ... on level 2 of the Dungeon on Jan 23, 2017.
             The game lasted 00:02:59 (1148 turns).

uglyjohn the Cudgeler (Gargoyle Chaos Knight)       Turns: 1148, Time: 00:03:00

Health: -3/32      AC:  9    Str: 17    XL:     5   Next: 24%
Magic:  5/5        EV: 11    Int: 12    God:    Xom [*.....]
Gold:   54         SH:  0    Dex:  9    Spells: 0 memorised, 4 levels left

rFire  . . .     SeeInvis .     m - +4 flail
rCold  . . .     Gourm    .     b - +2 leather armour
rNeg   + . .     Faith    .     (no shield)
rPois  ∞         Spirit   .     (no helmet)
rElec  +         Reflect  .     (no cloak)
rCorr  .         Harm     .     (no gloves)
MR     .....                    (no boots)
Stlth  ..........               e - amulet of rage
                                (no ring)
                                (no ring)

@: confused
A: negative energy resistance 1, electricity resistance, unbreathing,
petrification resistance, rot immunity, AC +4
a: Renounce Religion, Evoke Berserk Rage


You were on level 2 of the Dungeon.
You worshipped Xom.
You were a special plaything of Xom.
You were very hungry.

You visited 1 branch of the dungeon, and saw 2 of its levels.

You collected 54 gold pieces.

Inventory:

Hand Weapons
 a - a +0 mace of chaos
 m - a +4 flail (weapon)
Armour
 b - a +2 leather armour (worn)
Jewellery
 e - an amulet of rage (around neck)
Scrolls
 d - a scroll of magic mapping {unknown}
 f - 4 scrolls of random uselessness {unknown}
 g - a scroll of recharging {unknown}
 h - a scroll of amnesia {unknown}
 i - a scroll of immolation {unknown}
 j - a scroll of fog {unknown}
 l - a scroll of remove curse {unknown}
Comestibles
 c - a bread ration


   Skills:
 - Level 3.3 Fighting
 + Level 5.7 Maces & Flails
 - Level 2.3 Armour
 - Level 0.7 Dodging


You had 4 spell levels left.
You didn't know any spells.

Dungeon Overview and Level Annotations

Branches:
Dungeon (2/15)

Altars:

Annotations:
D:2 Sigmund


Innate Abilities, Weirdness & Mutations

You are resistant to torment.
Your stone body is resilient. (AC +4)
You are immune to poison.
You resist negative energy. (rN+)
You are resistant to electric shocks. (rElec)
You can survive without breathing.
You are immune to petrification.
You are immune to rotting.


Message History

Something hits you but does no damage.
You aren't carrying any potions.
You're too confused!
You're too confused to move!
You hear some strange, mumbled words.
Something tries to affect you, but you resist.
You bump into the rock wall.
You hear some strange, mumbled words.
You are more confused.
You bump into the rock wall.
Something hits you but does no damage. Something hits you but does no damage.
You bump into the rock wall.
Something hits you.
* * * LOW HITPOINT WARNING * * *
You're too confused!
You're too confused to move!
You hear some strange, mumbled words.
Something tries to affect you, but you resist.
Something hits you.
You die...
Xom giggles madly!

##..#### #..#
##.# #.# #.#
#.#
#.#.g...g.#
#.#8g...g8#
#@#.......#
#~#8.....8# #
#g#.......#.#
#g#8.....8#.#
#gK.........#
#.g......[.#
...>###.####
###.# # .#


You could see Ijyb (wandering), 3 goblins and a kobold.

Vanquished Creatures
  Natasha (thrice) (D:2)
  Terence (D:2)
  An adder (D:2)
  2 leopard geckos (D:1)
  2 bats (D:1)
  A giant cockroach (D:1)
  4 goblins
  6 hobgoblins
  5 kobolds (D:1)
  A ball python (D:1)
  2 frilled lizards
  3 rats
31 creatures vanquished.

Notes
Turn   | Place    | Note
-------+----------+-------------------------------------------
     0 | D:1      | uglyjohn the Gargoyle Chaos Knight began the quest for the Orb.
     0 | D:1      | Reached XP level 1. HP: 14/14 MP: 1/1
    85 | D:1      | Reached XP level 2. HP: 18/19 MP: 2/2
   547 | D:1      | Reached skill level 4 in Maces & Flails
   547 | D:1      | Reached XP level 3. HP: 23/23 MP: 3/3
   780 | D:2      | Noticed Natasha
   782 | D:2      | XOM: cast spell 'Olgreb's Toxic Radiance'
   787 | D:2      | Killed Natasha
   814 | D:2      | Noticed Natasha
   822 | D:2      | Killed Natasha
   822 | D:2      | Reached skill level 5 in Maces & Flails
   822 | D:2      | Reached XP level 4. HP: 19/28 MP: 4/4
   822 | D:2      | Noticed Natasha
   825 | D:2      | XOM: fog
   829 | D:2      | Killed Natasha
  1002 | D:2      | XOM: harmless Tloc miscast
  1057 | D:2      | XOM: 5-stop teleportation journey
  1071 | D:2      | Reached XP level 5. HP: 26/32 MP: 5/5
  1111 | D:2      | Upgraded the game from 0.19.1-1-g22dce08 to 0.19.3-1-g3169bf9
  1112 | D:2      | Noticed Terence
  1120 | D:2      | Noticed Sigmund
  1121 | D:2      | XOM: chaos upgrade
  1126 | D:2      | Killed Terence
  1128 | D:2      | XOM is BORED!
  1128 | D:2      | XOM: enchant monster (bad)
  1129 | D:2      | XOM: swap monsters
  1148 | D:2      | Slain by Sigmund

Skill      XL: |  1  2  3 |
---------------+----------+-----
Maces & Flails | 4 5 |  5.7
Fighting       | |  3.3
Armour         | |  2.3
Dodging        | |  0.7

Action                   |  1- 3 |  4- 6 || total
-------------------------+-------+-------++-------
Melee: Mace              |    93 |     5 ||    98
       Flail             |       |    32 ||    32
Armor: Leather armour    |    45 |    23 ||    68
Dodge: Dodged            |    74 |    15 ||    89
